 Dungeon Crawl Stone Soup version 0.22-a0-352-gc608dd7 (webtiles) character file.

39559 vishdafish the Spear-Bearer (level 14, -8/169 HPs)
             Began as an Octopode Berserker on Apr 14, 2018.
             Was a High Priest of Trog.
             Mangled by a death yak (30 damage)
             ... on level 5 of the Lair of Beasts.
             The game lasted 00:33:59 (19493 turns).

vishdafish the Spear-Bearer (Octopode Berserker)   Turns: 19493, Time: 00:34:00

Health: -8/169     AC:  2    Str: 21    XL:     14   Next: 7%
Magic:  22/22      EV: 16    Int: 14    God:    Trog [*****.]
Gold:   1305       SH: 15    Dex: 10    Spells: 13/13 levels left

rFire    + . .     SeeInvis .   G - +3 spear (freeze)
rCold    . . .     Gourm    .   O - +0 shield
rNeg     + . .     Faith    .   J - +1 hat
rPois    .         Spirit   .   o - +4 amulet of reflection
rElec    +         Reflect  +   B - ring of protection from fire
rCorr    .         Harm     .   H - ring of positive energy
MR       +....                  (no ring)
Stlth    ..........             (no ring)
HPRegen  0.00/turn              (no ring)
MPRegen  0.18/turn              (no ring)
                                (no ring)
                                (no ring)

@: berserking, very quick
A: almost no armour, stealthy swim, amphibious, 8 rings, constrict 8, camouflage
1, clumsy 1, robust 1, electricity resistance, inhibited regeneration,
gelatinous body 1
a: Berserk, Trog's Hand, Brothers in Arms, Renounce Religion


You were on level 5 of the Lair of Beasts.
You worshipped Trog.
Trog was extremely pleased with you.
You were not hungry.

You visited 2 branches of the dungeon, and saw 16 of its levels.
You also visited: Volcano.

You collected 1305 gold pieces.

Inventory:

Hand Weapons
 a - a +0 spear
 e - a +0 blowgun
 G - a +3 spear of freezing (weapon)
 I - a -1 spear
Missiles
 R - 2 throwing nets (quivered)
Armour
 g - a +0 buckler
 J - a +1 hat (worn)
 O - a +0 shield (worn)
Magical Staves
 T - an uncursed staff of wizardry
Jewellery
 o - a +4 amulet of reflection (around mantle)
 r - an uncursed amulet of the gourmand
 B - a ring of protection from fire (left tentacle)
 H - a ring of positive energy (right tentacle)
 S - an uncursed ring of fire
Wands
 n - a wand of digging (20)
 q - a wand of random effects (28)
 t - a wand of flame (74)
 K - a wand of paralysis (26)
 M - a wand of polymorph (15)
Scrolls
 h - 3 scrolls of amnesia
 k - 3 scrolls of enchant armour
 l - 3 scrolls of magic mapping
 p - a scroll of blinking {unknown}
 s - 3 scrolls of remove curse
 w - 3 scrolls of fear
 x - 3 scrolls of enchant weapon
 C - 4 scrolls of random uselessness {unknown}
 F - a scroll of holy word {unknown}
 L - 7 scrolls of immolation {unknown}
 Q - a scroll of noise {unknown}
 V - a scroll of brand weapon {unknown}
Potions
 c - 4 potions of flight
 d - 9 potions of curing
 f - 4 potions of might
 i - 3 potions of cancellation
 j - 4 potions of brilliance
 m - 8 potions of degeneration
 u - 6 potions of agility
 v - 5 potions of heal wounds
 z - a potion of lignification
 A - 2 potions of berserk rage
 D - a potion of magic {unknown}
 E - 6 potions of haste
 N - a potion of resistance
 P - a potion of invisibility {unknown}
Miscellaneous
 y - a sack of spiders
Comestibles
 b - 7 rations


   Skills:
 + Level 12.2 Fighting
 + Level 12.3 Polearms
 + Level 9.9 Dodging
 - Level 0.3 Stealth
 + Level 9.2 Shields
 - Level 11.7 Evocations


You had 13 spell levels left.
You didn't know any spells.

Dungeon Overview and Level Annotations

Branches:
Dungeon (11/15)            Temple (0/1) D:7            Lair (5/6) D:10
 Shoals (0/4) Lair:2        Snake (0/4) Lair:4        Slime (0/5) Lair:5
    Orc (0/2) D:11

Altars:
Dithmenos
Fedhas
Gozag
Hepliaklqana
Makhleb
Okawaru
Qazlal
Ru
Trog
Vehumet
Wu Jian
Xom

Shops:
D:11 =

Annotations:
Lair:5 exclusion: 3 oklob plants


Innate Abilities, Weirdness & Mutations

You cannot wear most types of armour.
You are very stealthy in the water. (Stealth+)
You are amphibious.
You can wear up to eight rings at the same time.
You can use your tentacles to constrict eight enemies at once.
Your skin changes colour to match your surroundings (Stealth+).
Your rubbery body absorbs attacks. (AC +1, EV +1)
You are clumsy. (Dex -2)
You are robust. (+10% HP)
You are resistant to electric shocks. (rElec)
You do not regenerate when monsters are visible.


Message History

You hit the death yak but do no damage. You squeeze the death yak!
The death yak is severely wounded.
You block the death yak's attack.
You hit the death yak but do no damage.
The death yak is severely wounded.
You hit the death yak. You freeze the death yak.
The death yak is severely wounded.
The death yak gores you!
* * * LOW HITPOINT WARNING * * *
You barely miss the death yak.
The death yak is severely wounded.
You block the death yak's attack.
You hit the death yak. You freeze the death yak.
The death yak is almost dead.
You hit the death yak. You freeze the death yak.
The death yak is almost dead.
You puncture the death yak! You freeze the death yak.
The death yak is almost dead.
The death yak gores you!!
You die...

........# ##...##
........# #...#.#
......)..# ##...##
........P# #P..#
........## ###.##
........P# #..##
....###..# #...# ....##
### ##YY## ...#.###
#.@### ....#.## ###...#
#.+.#.### #.#...#
###.......# ##....####
.#........####.#.......
.#............#.......).
†.+.(.....#.P.##........
###.......###..#........
#.......##.#.+........


You could see 2 death yaks.

Vanquished Creatures
  Gastronok (Lair:3)
  Harold (Lair:4)
  2 hydras
  A centaur warrior (D:11)
  7 two-headed ogres
  A death yak (Lair:5)
  Sonja (Lair:4)
  5 skeletal warriors
  An unseen horror (D:10)
  An anaconda skeleton (Volcano)
  2 ugly things (D:11)
  A manticore (Lair:2)
  3 black mambas
  5 gargoyles (Volcano)
  3 elephants (Lair:4)
  6 spiny frogs
  A rime drake (Lair:5)
  3 komodo dragons
  2 trolls
  A slime creature (D:7)
  2 hornets
  14 blink frogs
  6 hippogriffs
  A harpy skeleton (Volcano)
  3 flying skulls (Volcano)
  2 alligator skeletons (Volcano)
  2 wyverns
  28 yaks
  A shadow (D:7)
  3 fire bats (Lair:2)
  4 hungry ghosts
  2 basilisks
  Menkaure (D:8)
  5 water moccasins
  4 nagas (Lair:4)
  A two-headed ogre zombie (D:11)
  The ghost of VLARC the Skirmisher, an amateur OgBe of Trog (D:3)
  Duvessa (D:5)
  2 black bears
  4 porcupines
  2 sky beasts
  A necrophage (D:11)
  2 orc warriors
  3 ice beasts
  3 phantoms
  4 ogres
  3 wolves (Lair:3)
  A centaur (D:5)
  4 crocodiles
  A big kobold (D:11)
  11 bullfrogs
  Dowan (D:5)
  2 scorpions
  2 troll zombies (D:11)
  8 killer bees
  3 spriggan skeletons (Volcano)
  A troll skeleton (Volcano)
  3 wights (D:11)
  6 howler monkeys
  3 electric eels
  4 crimson imps
  A centaur zombie (D:10)
  6 hounds
  3 bullfrog zombies
  6 jellies
  Crazy Yiuf (D:5)
  4 orc priests
  2 bullfrog skeletons
  A gnoll shaman (D:6)
  6 orc wizards
  Ijyb (D:5)
  2 iguanas
  3 worker ants
  A statue (D:7)
  5 ogre zombies (D:11)
  3 naga skeletons (Volcano)
  A worker ant zombie (D:11)
  A howler monkey zombie (D:7)
  8 adders
  16 gnolls
  2 shadow imps
  2 adder zombies
  3 worms
  2 dart slugs (D:2)
  3 leopard geckos
  40 orcs
  3 ball pythons
  2 giant cockroaches
  8 goblins
  8 hobgoblins
  8 jackals
  5 quokkas
  6 bats
  4 frilled lizards
  A goblin skeleton (D:11)
  A goblin zombie (D:11)
  2 hobgoblin skeletons (D:11)
  3 hobgoblin zombies (D:11)
  A jackal zombie (D:5)
  8 kobolds
  3 orc skeletons (D:11)
  15 orc zombies (D:11)
  A quokka zombie (D:5)
  8 rats
  A butterfly (Lair:5)
  A fungus (D:5)
415 creatures vanquished.

Vanquished Creatures (others)
  A centaur (D:10)
  4 fungi
  A plant (Lair:4)
6 creatures vanquished.

Grand Total: 421 creatures vanquished

Notes
Turn   | Place    | Note
-------+----------+-------------------------------------------
     0 | D:1      | vishdafish the Octopode Berserker began the quest for the Orb.
     0 | D:1      | Reached XP level 1. HP: 16/16 MP: 1/1
    91 | D:1      | Reached XP level 2. HP: 17/21 MP: 2/2
   402 | D:1      | Reached XP level 3. HP: 26/26 MP: 3/3
   517 | D:1      | Reached ** piety under Trog
  1439 | D:3      | Reached skill level 1 in Shields
  1439 | D:3      | Reached XP level 4. HP: 13/31 MP: 4/4
  1463 | D:3      | Noticed VLARC's ghost (amateur OgBe)
  1717 | D:3      | Killed VLARC's ghost
  1717 | D:3      | Reached XP level 5. HP: 15/37 MP: 5/5
  2158 | D:3      | Found a hazy altar of Hepliaklqana.
  2327 | D:3      | Found a blossoming altar of Fedhas.
  2389 | D:3      | Found a stormy altar of Qazlal.
  2407 | D:3      | Reached XP level 6. HP: 43/43 MP: 6/6
  2601 | D:4      | Reached *** piety under Trog
  3334 | D:5      | Entered Level 5 of the Dungeon
  3346 | D:5      | Noticed a two-headed ogre
  3442 | D:5      | Killed a two-headed ogre
  3442 | D:5      | Reached skill level 5 in Fighting
  3442 | D:5      | Reached skill level 5 in Polearms
  3442 | D:5      | Reached skill level 5 in Dodging
  3442 | D:5      | Reached XP level 7. HP: 29/50 MP: 7/7
  3442 | D:5      | Reached XP level 8. HP: 32/56 MP: 8/8
  3451 | D:5      | Noticed Menkaure
  3630 | D:5      | Noticed Ijyb
  3638 | D:5      | Killed Ijyb
  4322 | D:5      | Noticed Duvessa
  4326 | D:5      | Noticed Dowan
  4340 | D:5      | Killed Duvessa
  4344 | D:5      | Killed Dowan
  4575 | D:5      | Found a runed door.
  4579 | D:5      | Noticed Crazy Yiuf
  4584 | D:5      | Killed Crazy Yiuf
  4706 | D:6      | Reached skill level 5 in Shields
  4821 | D:6      | Found a sacrificial altar of Ru.
  5333 | D:7      | Reached XP level 9. HP: 62/62 MP: 9/9
  5510 | D:7      | Reached **** piety under Trog
  5532 | D:7      | Found a staircase to the Ecumenical Temple.
  6140 | D:7      | Found a shimmering altar of Xom.
  6141 | D:7      | Found a shimmering altar of Xom.
  6141 | D:7      | Found a shimmering altar of Xom.
  6141 | D:7      | Found a shimmering altar of Xom.
  6142 | D:7      | Found a shimmering altar of Xom.
  6142 | D:7      | Found a shimmering altar of Xom.
  6229 | D:7      | Found a radiant altar of Vehumet.
  6452 | D:8      | Reached XP level 10. HP: 71/71 MP: 10/10
  6545 | D:8      | Killed Menkaure
  7042 | D:8      | Found a bloodstained altar of Trog.
  7099 | D:8      | Found an iron altar of Okawaru.
  7157 | D:8      | Noticed a two-headed ogre
  7168 | D:8      | Killed a two-headed ogre
  7616 | D:9      | Found a burning altar of Makhleb.
  7932 | D:9      | Found an ornate altar of the Wu Jian Council.
  7966 | D:9      | Noticed a two-headed ogre
  7975 | D:9      | Killed a two-headed ogre
  8129 | D:9      | Noticed a two-headed ogre
  8137 | D:9      | Killed a two-headed ogre
  8137 | D:9      | Reached XP level 11. HP: 78/78 MP: 11/11
  8283 | D:9      | Found a shadowy altar of Dithmenos.
  8409 | D:10     | Entered Level 10 of the Dungeon
  8514 | D:10     | Noticed a two-headed ogre
  8523 | D:10     | Killed a two-headed ogre
  9026 | D:10     | Found a staircase to the Lair.
  9142 | D:10     | Reached ***** piety under Trog
  9153 | D:10     | Killed an unseen horror
  9713 | D:11     | Found a staircase to the Orcish Mines.
  9755 | D:11     | Received a gift from Trog
  9828 | D:11     | Noticed a cyan ugly thing
  9833 | D:11     | Noticed a two-headed ogre
  9834 | D:11     | Noticed a skeletal warrior
  9848 | D:11     | Killed a cyan ugly thing
  9860 | D:11     | Killed a two-headed ogre
  9860 | D:11     | Reached skill level 5 in Evocations
  9873 | D:11     | Noticed a skeletal warrior
  9879 | D:11     | Noticed a skeletal warrior
 10163 | D:11     | Killed a skeletal warrior
 10192 | D:11     | Killed a skeletal warrior
 10275 | D:11     | Noticed a purple ugly thing
 10289 | D:11     | Killed a purple ugly thing
 10289 | D:11     | Reached skill level 10 in Polearms
 10295 | D:11     | Reached skill level 10 in Fighting
 10538 | D:11     | Killed a skeletal warrior
 10538 | D:11     | Reached XP level 12. HP: 87/87 MP: 17/17
 10657 | D:11     | Found Plog's Jewellery Shoppe.
 10695 | D:11     | Noticed a centaur warrior
 10716 | D:11     | Killed a centaur warrior
 11041 | D:11     | Gained mutation: Your magical capacity is low. (-10% MP) [potion of mutation]
 11041 | D:11     | Gained mutation: You do not regenerate when monsters are visible. [potion of mutation]
 11041 | D:11     | Gained mutation: Your mind is acute. (Int +2) [potion of mutation]
 11041 | D:11     | Gained mutation: You are resistant to electric shocks. (rElec) [potion of mutation]
 11042 | D:11     | Lost mutation: Your magical capacity is low. (-10% MP) [potion of mutation]
 11042 | D:11     | Lost mutation: Your mind is acute. (Int +2) [potion of mutation]
 11042 | D:11     | Gained mutation: You are partially covered in thin metallic scales. (AC +2) [potion of mutation]
 11042 | D:11     | Gained mutation: You are clumsy. (Dex -2) [potion of mutation]
 11042 | D:11     | Lost mutation: You are clumsy. (Dex -2) [potion of mutation]
 11149 | D:11     | Noticed a two-headed ogre
 11169 | D:11     | Killed a two-headed ogre
 11531 | Lair:1   | Entered Level 1 of the Lair of Beasts
 11538 | Lair:1   | Found an opulent altar of Gozag.
 12780 | Lair:2   | Found a dark tunnel.
 12824 | Volcano  | Entered a volcano
 12928 | Volcano  | Received a gift from Trog
 12933 | Volcano  | Reached skill level 10 in Evocations
 13410 | Volcano  | Reached XP level 13. HP: 95/95 MP: 20/20
 14579 | Lair:2   | Found a staircase to the Shoals.
 15574 | Lair:3   | Noticed Gastronok
 15675 | Lair:3   | Killed Gastronok
 16118 | Lair:4   | Noticed Sonja
 16233 | Lair:4   | Found a staircase to the Snake Pit.
 16929 | Lair:4   | Killed Sonja
 17509 | Lair:4   | Noticed Harold
 17524 | Lair:4   | Killed Harold
 18396 | Lair:5   | Found a staircase to the Slime Pits.
 19035 | Lair:5   | Reached XP level 14. HP: 103/103 MP: 22/22
 19280 | Lair:5   | Lost mutation: You are partially covered in thin metallic scales. (AC +2) [potion of mutation]
 19280 | Lair:5   | Gained mutation: You are clumsy. (Dex -2) [potion of mutation]
 19280 | Lair:5   | Gained mutation: You are robust. (+10% HP) [potion of mutation]
 19493 | Lair:5   | Mangled by a death yak

Vault maps used:
D:1:      ncdulo_wetmaze
D:2:      first_ration
D:3:      lemuel_round_altar, fedhas_altar_4, nicolae_overflow_crystal_walls
D:4:      minmay_goblin_outpost
D:5:      minmay_misc_feat_tiny, dk_noncrumbling_3, uniq_duvessa, uniq_ijyb,
          uniq_menkaure, uniq_crazy_yiuf_cottage
D:6:      kennysheep_mini, chequers_big_river
D:7:      minmay_the_grid_triangle_9x9_rhombus_thin, xom_redecorated,
          vehumet_statue, temple_pool_b
D:8:      bloody_trog, kennysheep_little_box
D:9:      overflow_temple_1_default, nicolae_overflow_hidden_temple,
          grunt_dithmenos_shadows
D:10:     lair_entry_dummy
D:11:     zombieorc2_lemuel, serial_shops, shop, blue_anna_alchemist,
          minivault_26
Lair:1:   basic_altar, serial_bayou_shore_b
Lair:2:   minmay_shoals_entry_beasts, nicolae_volcano_entry_batcave,
          grunt_megastairs_5
Lair:3:   serial_bayou_shore_a, grunt_megastairs_1, uniq_gastronok
Lair:4:   guppyfry_snake_entry_island, beast_lair_carwin_2, uniq_sonja,
          uniq_harold
Lair:5:   minmay_slime_entry_oklob_open, lemuel_fruit_fields
Volcano:  volcano_tomb

Skill      XL: |  1  2  3  4  5  6  7  8  9 10 11 12 13 |
---------------+----------------------------------------+-----
Shields        | 1 2 4 5 6 8 9 |  9.2
Polearms       | 4 5 6 7 8 10 11 12 | 12.3
Dodging        | 4 5 6 7 8 9 |  9.9
Fighting       | 4 5 6 7 8 10 11 12 | 12.2
Evocations     | 7 10 11 | 11.7
Stealth        | |  0.3

Action                   |  1- 3 |  4- 6 |  7- 9 | 10-12 | 13-15 || total
-------------------------+-------+-------+-------+-------+-------++-------
Melee: Spear             |    56 |    81 |   296 |   846 |   431 ||  1710
       Constrict         |    20 |    19 |    41 |    92 |    29 ||   201
       Tentacles         |     8 |    21 |    59 |   153 |    96 ||   337
       Hand axe          |    31 |    20 |       |       |       ||    51
Invok: Berserk           |     1 |     4 |    15 |    28 |    14 ||    62
Evoke: Wand              |       |       |     1 |     2 |    31 ||    34
  Use: Scroll            |     3 |     2 |     6 |     9 |     7 ||    27
       Potion            |       |       |     1 |     7 |     3 ||    11
 Stab: Sleeping          |     9 |     3 |     4 |     9 |     8 ||    33
       Distracted        |     1 |       |       |     3 |       ||     4
       Paralysed         |       |       |       |     5 |     8 ||    13
  Eat: Chunk             |     1 |     7 |    20 |    20 |    12 ||    60
       Ration            |       |     1 |     3 |     8 |     6 ||    18
Armor: Skin              |     2 |     2 |     3 |    37 |    17 ||    61
Dodge: Dodged            |    39 |    46 |    83 |   232 |   111 ||   511
Block: Buckler           |       |     7 |    58 |   156 |       ||   221
       Reflection        |       |       |     1 |     7 |    11 ||    19
       Shield            |       |       |       |    43 |   157 ||   200

Table legend:
 A = Spawn XP
 B = Non-spawn XP
 C = Spawn XP percentage of total XP
 D = Spawn monster count
 E = Non-spawn monster count
 F = Spawn count percentage of total count
 G = Total turns spent on level
                    A         B        C        D         E        F      G
               +---------+---------+-------+---------+---------+-------+---------
         Total |       0 |   56514 |   0.0 |       0 |     414 |   0.0 | 19493
               +---------+---------+-------+---------+---------+-------+---------
           D:1 |       0 |      36 |   0.0 |       0 |      24 |   0.0 |   532
           D:2 |       0 |      40 |   0.0 |       0 |      13 |   0.0 |  1135
           D:3 |       0 |     245 |   0.0 |       0 |      19 |   0.0 |   842
           D:4 |       0 |     133 |   0.0 |       0 |      16 |   0.0 |  1257
           D:5 |       0 |    1663 |   0.0 |       0 |      22 |   0.0 |   856
           D:6 |       0 |     202 |   0.0 |       0 |      11 |   0.0 |   676
           D:7 |       0 |    2310 |   0.0 |       0 |      35 |   0.0 |  1151
           D:8 |       0 |    2344 |   0.0 |       0 |      25 |   0.0 |  1130
           D:9 |       0 |    2853 |   0.0 |       0 |      28 |   0.0 |   830
          D:10 |       0 |    3090 |   0.0 |       0 |      31 |   0.0 |  1345
          D:11 |       0 |    8772 |   0.0 |       0 |      64 |   0.0 |  1777
        Lair:1 |       0 |    3958 |   0.0 |       0 |      17 |   0.0 |  1142
        Lair:2 |       0 |    4548 |   0.0 |       0 |      19 |   0.0 |  1378
        Lair:3 |       0 |    5914 |   0.0 |       0 |      19 |   0.0 |  1077
        Lair:4 |       0 |   10356 |   0.0 |       0 |      33 |   0.0 |  2141
        Lair:5 |       0 |    4147 |   0.0 |       0 |      17 |   0.0 |  1153
       Volcano |       0 |    5903 |   0.0 |       0 |      21 |   0.0 |  1071
               +---------+---------+-------+---------+---------+-------+---------
